AoeStats
← Iaguinho Ohh+ Brabo

Pilgrims

508753818Analyzed
3v3 RM · 9d ago on Sep 23, 2026· 54m 6s· 6 players
Game mode
Random Map
Map size
Normal (6 player)
Population
200
Speed
Normal
Resources
Standard
Victory
Conquest
Starting age
Dark Age
Ending age
Imperial Age
RankedLock teamsTeams togetherTeam positionsShared explorationLock speedFull tech treeHidden civsTurbo modeCheats
Victory
Defeat
🇵🇱 Celts · Poland
901
+13
🇺🇸 Huns · United States
830
+16
🇬🇧 Saxons · United Kingdom
825
+17
🇨🇴 Poles · Colombia
923
-19
🇧🇷 Sicilians · Brazil
838
-15
🇨🇱 Portuguese · Chile
764
-12
Teblu
5:20 Loom
13:17 Feudal Age
15:06 Fishing Lines
18:42 Castle Age
20:01 Fletching
20:12 Padded Archer Armor
22:22 Wheelbarrow
23:06 Bodkin Arrow
23:18 Double-Bit Axe
25:59 Leather Archer Armor
26:11 Ballistics
29:25 Thumb Ring
30:15 Hand Cart
39:28 Imperial Age
42:55 Chemistry
42:58 Gillnets
47:51 Medium Warships
51:30 Parthian Tactics
51:20 Bracer
51:01 Heavy Cavalry Archer
J A K E J I M M Y
4:45 Loom
11:44 Feudal Age
17:53 Castle Age
16:17 Double-Bit Axe
16:15 Fishing Lines
19:44 Fletching
20:37 Scale Mail Armor
20:48 Forging
20:42 Bodkin Arrow
20:52 Scale Mail Armor
21:02 Forging
23:44 Gillnets
27:35 Bow Saw
28:50 Wheelbarrow
31:16 Chain Mail Armor
31:36 Iron Casting
31:45 Squires
31:35 Gambesons
31:50 Squires
31:52 Arson
33:09 Horse Collar
38:21 Imperial Age
36:10 Hand Cart
35:44 Town Watch
39:21 Heavy Plow
39:10 Elite Varangian Guard
39:13 Elite Hearth Troop
42:46 Two-Man Saw
43:24 Conscription
42:36 Shield Wall
44:28 Plate Mail Armor
43:59 Bracer
52:38 Sanctity
52:49 Illumination
52:28 Herbal Medicine
53:15 Capped Ram
malolepszy.adrian
12:52 Feudal Age
14:20 Wheelbarrow
13:33 Double-Bit Axe
14:05 Fishing Lines
21:52 Castle Age
20:45 Stone Mining
20:46 Gold Mining
20:47 Man-at-Arms
22:13 Forging
22:09 Arson
22:33 Town Watch
23:04 Hand Cart
27:00 Imperial Age
26:12 Bow Saw
27:23 Iron Casting
29:08 Fletching
32:56 Gold Shaft Mining
34:36 Bodkin Arrow
36:56 Heavy Scorpion
40:04 Conscription
39:56 Furor Celtica
43:58 Elite Woad Raider
46:11 Town Patrol
47:00 Medium Warships
49:06 Heavy Warships
48:49 Gillnets
WololoJedi
6:57 Loom
10:46 Feudal Age
12:03 Wheelbarrow
11:54 Fishing Lines
12:17 Fletching
14:26 Double-Bit Axe
15:30 Gold Mining
25:22 Castle Age
24:58 Forging
30:32 Bow Saw
31:12 Gillnets
32:12 Horse Collar
33:16 Pikeman
33:57 Squires
34:40 Stone Mining
36:24 Arson
40:10 Imperial Age
37:47 Heavy Plow
39:08 Szlachta Privileges
39:34 Hand Cart
38:57 Light Cavalry
40:51 Bloodlines
40:42 Husbandry
41:17 Conscription
40:20 Winged Hussar
43:57 Hoardings
43:41 Scale Barding Armor
44:34 Iron Casting
43:52 Demolition Ship
45:11 Chain Barding Armor
44:47 Bodkin Arrow
44:52 Padded Archer Armor
45:10 Cavalier
45:53 Town Watch
46:13 Man-at-Arms
51:44 Elite Skirmisher
Iaguinho Ohh+ Brabo
14:21 Feudal Age
17:06 Town Watch
17:57 Wheelbarrow
19:38 Gold Mining
20:11 Scale Mail Armor
20:33 Stone Mining
22:07 Forging
30:10 Castle Age
31:57 Bloodlines
31:49 Husbandry
32:29 Iron Casting
32:01 Scale Barding Armor
46:45 Elite Skirmisher
49:11 Padded Archer Armor
marchelio117
13:05 Feudal Age
13:50 Fishing Lines
15:34 Man-at-Arms
21:59 Forging
21:49 Padded Archer Armor
21:43 Fletching
27:57 Castle Age
Connection lost

Rejoining the realm…

Still unreachable

The connection could not be restored.

Session expired

The server has moved on; the page needs a fresh start.